 Dungeon Crawl Stone Soup version 0.31.0-11-ge490571c62 (webtiles) character file.

Game seed: 6537579194933459903

29258 Cadnt the Basher (level 13, -4/147 HPs)
             Began as a Green Draconian Monk on Feb 6, 2024.
             Was a High Priest of Elyvilon.
             Slain by a naga
             ... wielding a +0 battleaxe
              (16 damage)
             ... on level 2 of the Snake Pit on Feb 7, 2024.
             The game lasted 00:33:13 (16049 turns).

Cadnt the Basher (Green Draconian Monk)            Turns: 16049, Time: 00:33:14

Health: -4/147     AC: 11    Str: 19 (22) XL:     13   Next: 14%
Magic:  35/35      EV: 19    Int: 10      God:    Elyvilon [*****.]
Gold:   1182       SH:  9    Dex: 17      Spells: 12/12 levels left

rFire   . . .        o - +6 flail of Grandeur {spect, Str+4}
rCold   . . .        b - +2 buckler
rNeg    . . .        (body armour unavailable)
rPois   +            (helmet restricted)
rElec   .            q - scarf {+Inv}
rCorr   .            (no gloves)
SInv    .            r - +2 pair of boots
Will    .....        f
                       - Hermit's Pendant {Faith Invo=14 Evo=0 MP+5}
Stlth   ++           h - +5 ring of evasion
HPRegen 0.44/turn    k - ring of flight
MPRegen 0.24/turn

%: faith
@: mighty, divinely vigorous, flying, slowed, constricted, studying 2 skills,
very slow
A: breathe noxious fumes, AC +8, unfitting armour, poison resistance,
cold-blooded, antennae 1, stinger 1, agile 1, deterioration 1, persistent drain
a: Breathe Noxious Fumes, Renounce Religion, Evoke Invisibility, Purification,
Heal Other, Heal Self, Divine Vigour


You were on level 2 of the Snake Pit.
You worshipped Elyvilon.
Elyvilon was extremely pleased with you.
You visited 4 branches of the dungeon, and saw 20 of its levels.
You also visited: Sewer and Bailey.

You collected 1814 gold pieces.
You spent 632 gold pieces at shops.

Inventory:

Hand Weapons
 a - a +0 mace
 i - a +6 heavy flail
 o - the +6 flail of Grandeur (weapon) {spect, Str+4}
   (You found it on level 3 of the Dungeon)

   Str+4:     It affects your strength (+4).
Missiles
 I - 2 throwing nets
Armour
 b - a +2 buckler (worn)
 c - an orb of light
 q - a scarf of invisibility (worn)
 r - a +2 pair of boots (worn)
Jewellery
 f - the Hermit's Pendant (around neck) {Faith Invo=14 Evo=0 MP+5}
   (You bought it in a shop on level 5 of the Dungeon)

   [amulet of faith]

   Invo=14: It sets your Invocations skill to 14.
   Evo=0: It sets your Evocations skill to 0.
   Faith:     It allows you to gain divine favour quickly.
   MP+5:      It affects your magic capacity (+5).
 h - a +5 ring of evasion (left hand)
 k - a ring of flight (right hand)
 n - a ring of protection from cold
 w - an amulet of guardian spirit
 K - a ring of ice
 L - an amulet of faith
 M - an amulet of reflection
Wands
 e - a wand of mindburst (16) (quivered)
 m - a wand of charming (19)
 v - a wand of light (6)
 A - a wand of digging (4)
 D - a wand of flame (7)
 F - a wand of iceblast (7)
Scrolls
 d - 3 scrolls of teleportation
 l - 3 scrolls of poison
 p - 8 scrolls of identify
 t - 2 scrolls of revelation
 y - 7 scrolls of enchant armour
 C - 6 scrolls of enchant weapon
 E - a scroll of vulnerability
 H - a scroll of fog
Potions
 g - 2 potions of enlightenment
 j - 6 potions of curing
 s - 3 potions of cancellation
 u - 4 potions of attraction
 B - 2 potions of magic
 G - 3 potions of brilliance
 J - a potion of ambrosia


   Skills:
 + Level 12.0 Fighting
 + Level 12.3 Maces & Flails
 + Level 10.0 Dodging
 * Level 11.0 Shields
 + Level 11.2(14.0) Invocations


You had 12 spell levels left.
You didn't know any spells.
Your spell library contained the following spells:

 Spells                   Type           Power      Damage    Failure   Level
 Magic Dart               Conj           0%         1d3       41%         1
 Blink                    Tloc           0%         N/A       54%         2
 Call Imp                 Summ           0%         N/A       54%         2
 Ensorcelled Hibernation  Hex/Ice        0%         N/A       54%         2
 Lesser Beckoning         Tloc           0%         N/A       54%         2
 Static Discharge         Conj/Air       0%         3-3/arc   54%         2
 Call Canine Familiar     Summ           0%         N/A       78%         3
 Fugue of the Fallen      Necr           0%         N/A       78%         3
 Gell's Gravitas          Tloc           0%         N/A       78%         3
 Inner Flame              Hex/Fire       0%         N/A       78%         3
 Sigil of Binding         Hex            0%         N/A       78%         3
 Teleport Other           Tloc           0%         N/A       78%         3
 Airstrike                Air            0%         2d(0-16)  99%         4
 Anguish                  Hex/Necr       0%         N/A       99%         4
 Dimensional Bullseye     Hex/Tloc       0%         N/A       99%         4
 Leda's Liquefaction      Alch/Erth      0%         N/A       99%         4
 Summon Lightning Spire   Summ/Air       0%         N/A       99%         4
 Vhi's Electric Charge    Tloc/Air       0%         N/A       99%         4
 Arcjolt                  Conj/Air       0%         1d10      100%        5
 Irradiate                Conj/Alch      0%         3d11      100%        5
 Lee's Rapid Deconstruct  Erth           0%         3d4*      100%        5
 Bombard                  Conj/Erth      0%         9d1       100%        6
 Malign Gateway           Summ/Tloc      0%         N/A       100%        7
 Ignition                 Fire           0%         3d3       100%        8
 Maxwell's Capacitive Co  Air            0%         ∞         100%        8
 Summon Horrible Things   Summ           0%         N/A       100%        8


Dungeon Overview and Level Annotations

Branches:
Dungeon (15/15)            Temple (1/1) D:7            Lair (2/5) D:11
  Snake (2/4) Lair:2        Sewer (visited)          Bailey (visited)
  Swamp: Lair:2-3    Shoals: Lair:2-3       Orc: D:9-12      Vaults: D:13-14
 Depths: D:15

Altars:
Ashenzari
Cheibriados
Dithmenos
Elyvilon
Fedhas
Gozag
Hepliaklqana
Kikubaaqudgha
Makhleb
Nemelex Xobeh
Okawaru
Qazlal
Ru
Sif Muna
Trog
Uskayaw
Vehumet
Wu Jian
Xom
Yredelemnul
Zin
The Shining One

Shops:
D:3 *   D:5 =   D:10 [   D:11 !

Annotations:
D:14 Josephine, Nessos
Lair:1 exclusion: 2 oklob plants


Innate Abilities, Weirdness & Mutations

You can breathe blasts of noxious fumes.
Your lurid green scales are hard. (AC +8)
You cannot fit into any form of body armour.
Your system is resistant to poisons. (rPois)
You are cold-blooded and may be slowed by cold attacks.
You have a pair of small antennae on your head.
Your tail ends in a venomous barb.
You are agile. (Dex +4, Str/Int -1)
Your body sometimes deteriorates upon taking damage.
Your health recovers twice as slowly from being drained.


Message History

The naga warrior misses you.
The guardian serpent coils itself and waves its upper body at you.
The bolt of poison misses you.
The naga sharpshooter spits poison at you.
The splash of poison hits you. You resist. The naga misses you.
The naga constricts you. The guardian serpent hits you!
You block the naga warrior's attack.
The naga sharpshooter shoots a bolt.
The bolt hits you!
* * * LOW HITPOINT WARNING * * *
You sock the naga warrior!
The naga warrior is moderately wounded.
You feel sick.
You are no longer poisoned.
The guardian serpent coils itself and waves its upper body at you.
The bolt of poison hits you.
You are poisoned.
You resist.
* * * LOW HITPOINT WARNING * * *
The naga warrior hits you with a +0 scimitar!
* * * LOW HITPOINT WARNING * * *
You block the naga's attack. The naga constricts you.
* * * LOW HITPOINT WARNING * * *
The naga sharpshooter unwields a +0 arbalest.
The naga sharpshooter wields a +0 battleaxe.
The naga sharpshooter misses you.
The guardian serpent casts a spell at you.
You resist with some effort.
You feel better.
The naga sharpshooter no longer looks unusually strong.
You block the guardian serpent's attack.
The naga closely misses you. The naga constricts you.
* * * LOW HITPOINT WARNING * * *
The naga warrior spits poison at you. The splash of poison hits you!
You resist.
* * * LOW HITPOINT WARNING * * *
The naga sharpshooter unwields a +0 battleaxe.
The naga sharpshooter wields a +0 arbalest.
The naga sharpshooter shoots a bolt.
The bolt misses you. The guardian serpent misses you.
The naga hits you with a +0 battleaxe!
You die...

.......
.⌠...⌠.
.......
...⌠(..
##.....
##...#
#...#
##N..#
{#@S.##
#NN.#
##..##
#...#
#.<.#
#...#
#####


You could see a naga warrior (catching breath), a naga sharpshooter, a guardian
serpent and a naga (strong).

Vanquished Creatures
  An anaconda (Snake:1)
  4 centaur warriors (D:13)
  3 two-headed ogres
  Pikel (D:8)
  An orc knight (Bailey)
  A salamander (Lair:2)
  7 cyclopes
  2 meliai (D:14)
  A guardian serpent (Snake:1)
  A torpor snail (Lair:1)
  5 black mambas
  5 elephants (Lair:1)
  A gargoyle (D:9)
  A kobold demonologist (D:13)
  Jeremiah (D:7)
  An unseen horror (D:11)
  A rime drake (Lair:1)
  A komodo dragon (D:11)
  The ghost of Arctor the Magician, a novice DEFE of Sif Muna (D:6)
  2 trolls (D:7)
  A hornet (D:9)
  A shadow (D:9)
  A vampire (D:11)
  Sigmund (D:3)
  3 wraiths
  4 wyverns
  34 yaks
  A basilisk (D:13)
  Eustachio (D:5)
  4 steam dragons
  4 vampire mosquitoes (D:11)
  Edmund (D:5)
  Menkaure (D:6)
  2 water moccasins (Lair:1)
  An acid dragon (D:12)
  A naga (Snake:1)
  Duvessa (D:4)
  12 orc warriors
  2 sky beasts
  4 centaurs
  3 wolves (Lair:1)
  2 ogres (D:5)
  5 kobold brigands
  A gnoll sergeant (D:12)
  2 scorpions
  9 bullfrogs
  9 wights
  Dowan (D:4)
  6 killer bees (D:10)
  4 lava snakes (Lair:2)
  A bombardier beetle (D:5)
  A jelly (D:5)
  3 hounds (D:6)
  11 orc priests
  Ijyb (D:5)
  3 sleepcaps
  2 iguanas
  10 orc wizards
  9 gnolls
  6 adders
  A river rat (D:6)
  A shadow imp (D:6)
  12 dart slugs
  A ribbon worm (D:6)
  56 orcs
  16 ball pythons
  6 bats
  14 endoplasms
  13 giant cockroaches
  7 goblins
  6 hobgoblins
  4 jackals (D:1)
  A quokka (D:6)
  9 frilled lizards
  29 kobolds
  5 rats
391 creatures vanquished.

Vanquished Creatures (others)
  An ogre (D:14)
  3 spectral weapons
4 creatures vanquished.

Grand Total: 395 creatures vanquished

Notes
Turn   | Place    | Note
-------+----------+-------------------------------------------
     0 | D:1      | Cadnt the Draconian Monk began the quest for the Orb.
     0 | D:1      | Reached XP level 1. HP: 19/19 MP: 1/1
    81 | D:1      | Reached XP level 2. HP: 18/26 MP: 2/2
   250 | D:1      | Reached XP level 3. HP: 23/33 MP: 3/3
   463 | D:2      | Reached skill level 1 in Invocations
   474 | D:2      | Reached XP level 4. HP: 11/40 MP: 3/5
  1252 | D:3      | Identified the +6 flail of Grandeur {spect, Str+4}
  1488 | D:3      | Found Songeleff's Assorted Antiques.
  1545 | D:3      | Identified the +3 falchion of Context {elec, Dex+3}
  2075 | D:3      | Noticed Sigmund
  2080 | D:3      | Killed Sigmund
  2081 | D:3      | Reached XP level 5. HP: 40/47 MP: 5/7
  2139 | D:3      | Reached XP level 6. HP: 51/53 MP: 8/8
  2384 | D:4      | Identified the +4 quarterstaff "Tucoargh" {antimagic, rC+
                  | rN++}
  2514 | D:4      | Noticed Duvessa
  2515 | D:4      | Noticed Dowan
  2522 | D:4      | Killed Duvessa
  2523 | D:4      | Reached skill level 5 in Fighting
  2542 | D:4      | Killed Dowan
  2544 | D:4      | Identified 2 scrolls of acquirement
  2544 | D:4      | Acquired 821 gold pieces
  2562 | D:4      | Gained mutation: Your spells are a little easier to cast,
                  | but a little less powerful. [potion of mutation]
  2562 | D:4      | Gained mutation: You are vulnerable to heat. (rF-) [potion
                  | of mutation]
  2562 | D:4      | Gained mutation: You are weak. (Str -2) [potion of
                  | mutation]
  2562 | D:4      | Gained mutation: Your flesh is cold resistant. (rC+)
                  | [potion of mutation]
  3381 | D:5      | Entered Level 5 of the Dungeon
  3388 | D:5      | Noticed Edmund
  3396 | D:5      | Killed Edmund
  3397 | D:5      | Reached skill level 5 in Maces & Flails
  3397 | D:5      | Your scales start taking on a lurid green colour.
  3397 | D:5      | Reached XP level 7. HP: 39/61 MP: 9/9
  3397 | D:5      | Gained mutation: Your system is resistant to poisons.
                  | (rPois) [Green Draconian growth]
  3491 | D:5      | Found a hide-covered altar of Uskayaw.
  3527 | D:5      | Noticed Ijyb
  3536 | D:5      | Killed Ijyb
  3666 | D:5      | Reached skill level 5 in Dodging
  3714 | D:5      | Reached XP level 8. HP: 70/70 MP: 11/11
  3810 | D:5      | Noticed Eustachio
  3818 | D:5      | Killed Eustachio
  3819 | D:5      | Reached skill level 5 in Invocations
  3898 | D:5      | Found an opulent altar of Gozag.
  3967 | D:5      | Found Arosak's Jewellery Shop.
  3970 | D:5      | Bought the Hermit's Pendant {Faith Invo=14 Evo=0 MP+5} for
                  | 632 gold pieces
  3970 | D:5      | Found the Hermit's Pendant {Faith Invo=14 Evo=0 MP+5}
  4113 | D:6      | Found a glowing drain.
  4118 | Sewer    | Entered a sewer
  4626 | D:6      | Noticed Menkaure
  4635 | D:6      | Killed Menkaure
  4636 | D:6      | Reached XP level 9. HP: 28/79 MP: 19/19
  4812 | D:6      | Found a runed translucent gate.
  4812 | D:6      | Found a runed translucent gate.
  4812 | D:6      | Noticed Arctor's ghost (novice DEFE)
  4813 | D:6      | Found a runed translucent gate.
  5161 | D:6      | Killed Arctor's ghost
  5508 | D:7      | Noticed Jeremiah
  5517 | D:7      | Killed Jeremiah
  5618 | D:7      | Noticed a two-headed ogre
  5628 | D:7      | Killed a two-headed ogre
  5629 | D:7      | Reached XP level 10. HP: 70/90 MP: 20/20
  5734 | D:7      | Noticed a cyclops
  5742 | D:7      | Killed a cyclops
  6034 | D:7      | Found a bloodstained altar of Trog.
  6069 | D:7      | Found a staircase to the Ecumenical Temple.
  6091 | Temple   | Entered the Ecumenical Temple
  6334 | Temple   | Became a worshipper of the Shining One
  6334 | Temple   | Reached * piety under the Shining One
  6334 | Temple   | Reached ** piety under the Shining One
  6656 | D:8      | Found a white marble altar of Elyvilon.
  6667 | D:8      | Found an ancient bone altar of Kikubaaqudgha.
  6675 | D:8      | Fell from the grace of the Shining One
  6675 | D:8      | Became a worshipper of Elyvilon the Healer
  6762 | D:8      | Reached * piety under Elyvilon
  7227 | D:8      | Noticed Pikel
  7246 | D:8      | Killed Pikel
  7644 | D:8      | Noticed a two-headed ogre
  7649 | D:8      | Killed a two-headed ogre
  7873 | D:9      | Reached ** piety under Elyvilon
  8048 | D:9      | Reached XP level 11. HP: 46/99 MP: 21/21
  8240 | D:9      | Reached skill level 10 in Fighting
  8451 | D:9      | Found a shadowy altar of Dithmenos.
  8515 | D:9      | Reached *** piety under Elyvilon
  8803 | D:9      | Reached skill level 1 in Shields
  9042 | D:10     | Entered Level 10 of the Dungeon
  9144 | D:10     | Found a flagged portal.
  9391 | D:10     | Reached **** piety under Elyvilon
  9472 | Bailey   | Entered a bailey
  9733 | Bailey   | Noticed an orc knight
  9757 | Bailey   | Killed an orc knight
  9895 | D:10     | Identified the +5 rapier "Feucuas" {flame, rPois rC+}
 10061 | D:10     | Found Naant's Antique Armour Shop.
 10328 | D:11     | Reached skill level 10 in Maces & Flails
 10413 | D:11     | Found Kofeasmuvi's Distillery.
 10421 | D:11     | Lost mutation: Your spells are a little easier to cast, but
                  | a little less powerful. [potion of mutation]
 10421 | D:11     | Lost mutation: Your flesh is cold resistant. (rC+) [potion
                  | of mutation]
 10421 | D:11     | Gained mutation: You have a pair of small antennae on your
                  | head. [potion of mutation]
 10421 | D:11     | Gained mutation: You occasionally shout uncontrollably at
                  | your foes. [potion of mutation]
 10774 | D:11     | Found a staircase to the Lair.
 10798 | D:11     | Acquired a manual of Maces & Flails
 10925 | D:12     | Reached ***** piety under Elyvilon
 10969 | D:12     | You are sucked into a shaft and drop 3 floors!
 10969 | D:15     | Entered Level 15 of the Dungeon
 11076 | D:14     | Noticed a deep elf zephyrmancer
 11077 | D:14     | Noticed an orc knight
 11078 | D:14     | Noticed a deep elf archer
 11078 | D:14     | Noticed a deep elf pyromancer
 11082 | D:14     | Noticed a deep elf pyromancer
 11097 | D:14     | Reached skill level 5 in Shields
 11106 | D:14     | Reached skill level 10 in Invocations
 11381 | D:14     | Elyvilon protects you from harm!
 11386 | D:14     | HP: 4/131 [orc knight/+0 battleaxe (17)]
 11392 | D:14     | Noticed a centaur warrior
 11392 | D:14     | Noticed an ogre mage
 11392 | D:14     | Noticed Josephine
 11395 | D:14     | Noticed a two-headed ogre
 11409 | D:14     | Noticed Nessos
 11500 | D:13     | Noticed a centaur warrior
 11507 | D:13     | Killed a centaur warrior
 11508 | D:13     | Reached XP level 12. HP: 43/108 MP: 22/22
 11770 | D:13     | Noticed a centaur warrior
 11781 | D:13     | Killed a centaur warrior
 11927 | D:13     | Noticed a centaur warrior
 11938 | D:13     | Killed a centaur warrior
 12080 | D:13     | Noticed a centaur warrior
 12092 | D:13     | Killed a centaur warrior
 12445 | D:12     | Noticed a two-headed ogre
 12452 | D:12     | Killed a two-headed ogre
 13328 | Lair:1   | Entered Level 1 of the Lair of Beasts
 13513 | Lair:1   | Reached ****** piety under Elyvilon
 13659 | Lair:1   | HP: 4/110 [elephant (13)]
 13676 | Lair:1   | Lost mutation: You are vulnerable to heat. (rF-) [potion of
                  | mutation]
 13676 | Lair:1   | Lost mutation: You are weak. (Str -2) [potion of mutation]
 13676 | Lair:1   | Lost mutation: You occasionally shout uncontrollably at
                  | your foes. [potion of mutation]
 13676 | Lair:1   | Gained mutation: Your health recovers twice as slowly from
                  | being drained. [potion of mutation]
 13676 | Lair:1   | Gained mutation: You are agile. (Dex +4, Str/Int -1)
                  | [potion of mutation]
 13676 | Lair:1   | Gained mutation: Your body sometimes deteriorates upon
                  | taking damage. [potion of mutation]
 13676 | Lair:1   | Gained mutation: Your tail ends in a venomous barb. [potion
                  | of mutation]
 14103 | Lair:1   | You are sucked into a shaft and drop 1 floor!
 14264 | Lair:2   | Found a staircase to the Snake Pit.
 14278 | Lair:2   | Reached skill level 10 in Shields
 14963 | Lair:1   | Found a blossoming altar of Fedhas.
 14969 | Lair:1   | HP: 4/112 [oklob plant/splash of acid (37)]
 15264 | Lair:1   | Reached XP level 13. HP: 99/117 MP: 23/23
 15517 | Snake:1  | Entered Level 1 of the Snake Pit
 15521 | Snake:1  | Reached skill level 10 in Dodging
 15806 | Snake:1  | Elyvilon protects you from harm!
 15807 | Snake:1  | HP: 3/118 [naga/+4 hand axe (13)]
 15811 | Snake:1  | Elyvilon protects you from harm!
 16049 | Snake:2  | Slain by a naga

Illustrated notes

Levels and vault maps discovered:
D:1:      dpeg_arrival_rooms_c, layout_rooms
D:2:      layout_basic, st_stairs_11
D:3:      layout_basic, serial_shops, nicolae_shop_window_shopping, uniq_sigmund
D:4:      layout_layer_cave, grunt_ministairs_7, nicolae_nh_ransacked_shop,
          uniq_duvessa
D:5:      layout_cave_pools, old_standard_altar,
          nicolae_gozag_cash_rules_everything_around_me, serial_shops,
          kennysheep_mini, uniq_edmund, uniq_ijyb, uniq_eustachio
D:6:      layout_rooms, biasface_ghost_orc_armoury, gup_sewer_entry_bowl,
          uniq_menkaure
D:7:      minmay_cornered_nines, layout_basic, trog_three_pillars_becter,
          minmay_temple_entry_nine_rooms, minmay_misc_feat_square,
          grunt_decor_junction, uniq_jeremiah
D:8:      layout_loops_corners, chequers_temple_overflow_statue_of_worship,
          uniq_pikel
D:9:      layout_irregular_city, nicolae_dithmenos_the_darkroom
D:10:     layout_irregular_city, erik_orc_1, enter_bailey_3, serial_shops,
          nicolae_shop_trees, mrwooster_statue_mirror,
          onia_ninara_dug_in_and_dangerous
D:11:     layout_rooms, david_lair_shrubbed, serial_shops, shop
D:12:     layout_cave_pods
D:13:     layout_rooms, gauntlet_entry_generic, grunt_decor_cap, minivault_23,
          nzn_life_drinkers
D:14:     layout_loops_ring, hangedman_vaults_entry_quadrant_bands, uniq_nessos,
          uniq_josephine
D:15:     gammafunk_enter_depths_forms, layout_loops_cross
Temple:   nicolae_temple_superstar
Lair:1:   layout_long_grid, hangedman_tree_tricks
Lair:2:   wander_river, layout_misc_corridors, nicolae_snake_entry_warm_welcome
Snake:1:  layout_chambers, grunt_ministairs_1
Snake:2:  layout_grid_shapes, grunt_megastairs_4, serial_bayou_shore_b,
          uniq_nikola

Skill      XL: |  1  2  3  4  5  6  7  8  9 10 11 12 13 |
---------------+----------------------------------------+-----
Dodging        | 3 4 5 6 7 8 9 10 | 10.0
Invocations    | 1 2 3 4 6 7 9 10 11 | 11.2
Fighting       | 4 5 6 7 8 9 10 11 12 | 12.0
Maces & Flails | 4 5 6 7 9 10 12 | 12.3
Shields        | 5 10 11 | 11.0

Action                     |  1- 3 |  4- 6 |  7- 9 | 10-12 | 13-15 || total
---------------------------+-------+-------+-------+-------+-------++-------
  Melee: Mace              |    60 |    32 |       |       |       ||    92
         Tailslap          |     8 |    17 |    30 |    98 |     9 ||   162
         Flail             |       |    41 |   229 |   610 |    45 ||   925
         Punch             |       |       |       |     1 |       ||     1
 Invoke: Heal Self         |       |       |       |     3 |     5 ||     8
         Divine Vigour     |       |       |       |     1 |     1 ||     2
Ability: Breathe Noxious F |       |       |       |     1 |       ||     1
    Use: Scroll            |       |     7 |     2 |    12 |     2 ||    23
         Potion            |       |     6 |     1 |    16 |     3 ||    26
   Stab: Invisible         |       |       |       |     1 |       ||     1
         Distracted        |       |       |       |     3 |     3 ||     6
         Sleeping          |       |       |       |       |     1 ||     1
 Armour: Skin              |    45 |    29 |    94 |   325 |    40 ||   533
  Dodge: Dodged            |    45 |    54 |   214 |   629 |    49 ||   991
  Block: Buckler           |       |       |       |   210 |    30 ||   240
